 Dungeon Sprint DCSS version bcrawl-1.31.3 (webtiles) character file.

Game seed: 15178000698801654361

706840 Groucho the Imperceptible (level 12, 0/77 HPs)
             Began as a Felid Berserker on Apr 14, 2021.
             Was a High Priest of Trog.
             Slain by an orc knight
             ... wielding a +0 glaive
              (37 damage)
             ... in the Dungeon (Sprint VII: "The Pits") on Apr 15, 2021.
             The game lasted 00:19:39 (4890 turns).

Groucho the Imperceptible (Felid Berserker)         Turns: 4890, Time: 00:19:40

Health: 0/77       AC:  3    Str: 15    XL:     12   Next: 19%
Magic:  13/13      EV: 35    Int:  8    God:    Trog [*****.]
Gold:   70         SH:  0    Dex: 19    Spells: 11/11 levels left
                                        Lives:  0   Deaths: 3

rFire    + . .     SeeInvis +     - Teeth and claws (33.3)
rCold    + + .     Gourm    .   (shield unavailable)
rNeg     . . .     Faith    .   (armour unavailable)
rPois    .         Spirit   .   (helmet unavailable)
rElec    .         Reflect  .   (cloak restricted)
rCorr    .         Harm     .   (gloves unavailable)
MR       +++..     NoTele   +   (boots unavailable)
Stlth    +++++++++.             (no amulet)
HPRegen  1.22/turn              r - ring of protection from cold
MPRegen  0.13/turn              s - ring of protection from fire

@: regenerating, quick
A: very small, no armour, no weapons or thrown items, stealth, claws 1, fangs 3,
see invisible, carnivore, speed 1, shaggy fur 3, slow metabolism 1, sharp paws
a: Berserk, Trog's Hand, Brothers in Arms, Renounce Religion


You were in the Dungeon.
You worshipped Trog.
Trog was extremely pleased with you.
You were very full.

You visited 1 branch You collected 70 gold pieces.

Inventory:

Jewellery
 l - a +3 ring of intelligence
 m - a +3 ring of intelligence
 r - a ring of protection from cold (left paw)
 s - a ring of protection from fire (right paw)
 t - an uncursed ring of poison resistance
Scrolls
 c - a scroll of fear
 g - 4 scrolls of blinking
 i - 2 scrolls of vulnerability
 j - 4 scrolls of remove curse
 k - a scroll of summoning
 v - 3 scrolls of fog
Potions
 a - 4 potions of magic
 b - 8 potions of curing
 d - 3 potions of haste
 f - 3 potions of berserk rage
 h - a potion of invisibility
 n - 2 potions of resistance
 o - 4 potions of brilliance
 p - a potion of might
 q - 2 potions of agility
 w - a potion of mutation
Miscellaneous
 y - a sack of spiders
Comestibles
 e - 20 rations {!d}


   Skills:
 + Level 15.5 Fighting
 + Level 19.3 Dodging
 + Level 23.9 Stealth
 + Level 18.0 Unarmed Combat


You had 11 spell levels left.
You didn't know any spells.
Your spell library contained the following spells:

 Spells                   Type           Power        Failure   Level  Hunger
 Fire Storm               Conj/Fire      #.........   100%        9    #######


Dungeon Overview and Level Annotations

Branches:
Dungeon (1/1)

Altars:
Ashenzari
Cheibriados
Dithmenos
Elyvilon
Fedhas
Gozag
Hepliaklqana
Kikubaaqudgha
Lugonu
Makhleb
Nemelex Xobeh
Okawaru
Qazlal
Ru
Sif Muna
Trog
Uskayaw
Vehumet
Wu Jian
Xom
Yredelemnul
Zin
The Shining One
Beogh
Jiyva


Innate Abilities, Weirdness & Mutations

You cannot wear almost all types of armour.
You are incapable of wielding weapons or throwing items.
Your paws allow you to move quietly. (Stealth)
You have sharp claws.
You have razor-sharp teeth.
You have supernaturally acute eyesight. (SInv)
You are carnivorous and can eat meat at any time.
You cover ground quickly.
Your thick and shaggy fur keeps you warm. (AC +3, rC+)
You have a slow metabolism.
Your sharp claws are effective at attacking unaware monsters.


Message History

No path to travel!
An orc knight comes into view. It is wielding a +0 glaive.
Your deep troll bites the orc knight!!
Your deep troll claws the orc knight but does no damage.
Your deep troll claws the orc knight!
Your ogre barely misses the orc knight.
A naga warrior comes into view. It is wielding a +0 mace.
The orc knight hits your ogre with a +0 war axe!!
Your ogre dies!
Your ogre's corpse disappears in a puff of smoke!
The orc knight hits your deep troll with a +0 war axe.
Your Unarmed Combat skill increases to level 18!
Things that are here:
a +0 great mace; a +0 chain mail No path to travel!
No path to travel!
Your deep troll bites the orc knight!!
Your deep troll claws the orc knight!
The orc knight dies!
Trog accepts your kill.
The orc knight hits you from afar with a +0 glaive!!!
You die...

.#..# ....# ....# .#..# ....+
....+ ##''#
##''#############################
##............†)@O...............
##.......).....)hT)..............
##..##############o'#############
##..# ..o.. ##..# ...#.# ##..#
....... ##..# h..#N#. ##..#
....... ##).# .°o#h#.


You could see an orc warlord, a naga warrior, an orc knight, a friendly deep
troll (berserk), a friendly two-headed ogre (berserk) and a friendly polar bear
(berserk).

Vanquished Creatures
  Gastronok (D)
  A shadow wraith (D)
  Erica (D)
  A two-headed ogre (D)
  A deep troll (D)
  An iron troll (D)
  An unseen horror (D)
  A flayed ghost (D)
  A lindwurm (D)
  A phantasmal warrior (D)
  A harpy (D)
  2 deep elf magi (D)
  2 smoke demons (D)
  A rust devil (D)
  A cane toad (D)
  2 gargoyles (D)
  A large abomination (D)
  A demonic crawler (D)
  A guardian mummy (D)
  2 jumping spiders (D)
  A bog body (D)
  A flying skull (D)
  2 redbacks (D)
  An air elemental (D)
  A shadow (D)
  A basilisk (D)
  A ynoxinul (D)
  A spriggan (D)
  2 fire bats (D)
  A warg (D)
  An acid dragon (D)
  2 floating eyes (D)
  3 hell hounds (D)
  A porcupine (D)
  An ice beast (D)
  A phantom (D)
  2 wolves (D)
  A centaur (D)
  A big kobold (D)
  A gnoll sergeant (D)
  An earth elemental (D)
  A quasit (D)
  A hound (D)
  2 orc priests (D)
  An orc wizard (D)
  A worker ant (D)
  2 gnolls (D)
  A white imp (D)
  2 ufetubi (D)
  A leopard gecko (D)
  4 orcs (D)
  3 jackals (D)
  A kobold (D)
  A quokka (D)
  2 goblins (D)
74 creatures vanquished.

Vanquished Creatures (collateral kills)
  A death cob (D)
  A nagaraja (D)
  An iron dragon (D)
  An angel (D)
  A deep elf annihilator (D)
  Azrael (D)
  A merfolk javelineer (D)
  A yaktaur captain (D)
  A naga warrior (D)
  A spriggan air mage (D)
  Harold (D)
  A merfolk avatar (D)
  A two-headed ogre (D)
  A sea snake (D)
  A spriggan berserker (D)
  A sun demon (D)
  A flayed ghost (D)
  A wizard (D)
  A harpy (D)
  9 orc knights (D)
  A deep elf mage (D)
  An elephant (D)
  2 rust devils (D)
  A guardian serpent (D)
  A molten gargoyle (D)
  A smoke demon (D)
  A gargoyle (D)
  An efreet (D)
  A hellwing (D)
  2 hornets (D)
  A tyrant leech (D)
  3 spriggans (D)
  2 fire elementals (D)
  A warg (D)
  A hell hound (D)
  10 wolves (D)
  4 wights (D)
  An iron imp (D)
  A worker ant (D)
  A white imp (D)
  3 orcs (D)
  A ball python zombie (D)
69 creatures vanquished.

Vanquished Creatures (others)
  An orc knight (D)
  A wind drake (D)
2 creatures vanquished.

Grand Total: 145 creatures vanquished

Notes
Turn   | Place    | Note
-------+----------+-------------------------------------------
     0 | D        | Groucho the Felid Berserker began the quest for the Orb.
     0 | D        | Reached XP level 1. HP: 12/12 MP: 2/2
     9 | D        | Reached skill level 2 in Stealth
    37 | D        | Found a bloodstained altar of Trog.
    37 | D        | Found a shimmering blue altar of Sif Muna.
    37 | D        | Found a viscous altar of Jiyva.
    37 | D        | Found a hazy altar of Hepliaklqana.
    37 | D        | Found an opulent altar of Gozag.
    38 | D        | Found a glowing golden altar of the Shining One.
    38 | D        | Found a glowing silver altar of Zin.
    38 | D        | Found a basalt altar of Yredelemnul.
    38 | D        | Found a shimmering altar of Xom.
    38 | D        | Found an ornate altar of the Wu Jian Council.
    38 | D        | Found a sacrificial altar of Ru.
    38 | D        | Found a stormy altar of Qazlal.
    38 | D        | Found an iron altar of Okawaru.
    38 | D        | Found a sparkling altar of Nemelex Xobeh.
    38 | D        | Found a burning altar of Makhleb.
    38 | D        | Found a blossoming altar of Fedhas.
    38 | D        | Found a white marble altar of Elyvilon.
    38 | D        | Found a shadowy altar of Dithmenos.
    38 | D        | Found a snail-covered altar of Cheibriados.
    40 | D        | Found a radiant altar of Vehumet.
    40 | D        | Found a corrupted altar of Lugonu.
    40 | D        | Found a roughly hewn altar of Beogh.
    41 | D        | Found a hide-covered altar of Uskayaw.
    41 | D        | Found an ancient bone altar of Kikubaaqudgha.
    41 | D        | Found a shattered altar of Ashenzari.
    66 | D        | Noticed a floating eye
    67 | D        | Reached skill level 10 in Stealth
    67 | D        | Reached XP level 2. HP: 16/16 MP: 3/3
    67 | D        | Reached XP level 3. HP: 20/20 MP: 4/4
    70 | D        | Killed a floating eye
    71 | D        | Reached ** piety under Trog
   112 | D        | Reached XP level 4. HP: 24/24 MP: 5/5
   131 | D        | Reached *** piety under Trog
   159 | D        | Reached skill level 11 in Stealth
   160 | D        | Reached skill level 12 in Stealth
   187 | D        | Reached **** piety under Trog
   308 | D        | Noticed a big kobold
   308 | D        | Noticed an ice beast
   309 | D        | Reached skill level 15 in Stealth
   309 | D        | Reached XP level 5. HP: 28/28 MP: 6/6
   610 | D        | Noticed a fire bat
   610 | D        | Noticed a centaur
   611 | D        | Reached skill level 5 in Dodging
   611 | D        | Reached skill level 5 in Unarmed Combat
   611 | D        | Gained mutation: You are covered in thick fur. (AC +2)
                  | [Felid growth]
   611 | D        | Reached XP level 6. HP: 15/33 MP: 7/7
   737 | D        | Killed an ice beast
   785 | D        | Killed a fire bat
  1105 | D        | Noticed a two-headed ogre
  1106 | D        | Reached skill level 16 in Stealth
  1106 | D        | Reached XP level 7. HP: 33/40 MP: 8/8
  1138 | D        | Killed a two-headed ogre
  1205 | D        | Noticed a fire bat
  1205 | D        | Noticed a deep elf mage
  1206 | D        | Reached skill level 17 in Stealth
  1206 | D        | Reached XP level 8. HP: 46/46 MP: 9/9
  1230 | D        | Killed from afar by a deep elf mage
  1231 | D        | Reached XP level 7. HP: -7/42 MP: 8/8
  1270 | D        | Killed a deep elf mage
  1272 | D        | Noticed a redback
  1273 | D        | Noticed a lindwurm
  1274 | D        | Reached skill level 10 in Dodging
  1276 | D        | Killed a lindwurm
  1276 | D        | Reached ***** piety under Trog
  1278 | D        | Killed a redback
  1371 | D        | Noticed a flying skull
  1372 | D        | Reached XP level 8. HP: 47/47 MP: 9/9
  1372 | D        | Noticed an air elemental
  1429 | D        | Killed a flying skull
  1432 | D        | Killed an air elemental
  1434 | D        | Noticed a flayed ghost
  1435 | D        | Reached skill level 18 in Stealth
  1435 | D        | Reached skill level 10 in Unarmed Combat
  1435 | D        | Noticed a redback
  1444 | D        | Killed a redback
  1447 | D        | Killed a flayed ghost
  1698 | D        | Noticed Gastronok
  1698 | D        | Noticed a two-headed ogre
  1699 | D        | Reached skill level 10 in Fighting
  1699 | D        | Reached skill level 19 in Stealth
  1699 | D        | Reached XP level 9. HP: 55/55 MP: 10/10
  1699 | D        | Reached XP level 10. HP: 60/60 MP: 11/11
  1699 | D        | Noticed a gargoyle
  1709 | D        | Killed a gargoyle
  1710 | D        | Killed a two-headed ogre
  1715 | D        | Killed Gastronok
  2299 | D        | Noticed a death cob
  2300 | D        | Reached skill level 20 in Stealth
  2309 | D        | Slain by a death cob
  2310 | D        | Reached XP level 9. HP: -4/56 MP: 10/10
  2318 | D        | HP: 2/56 [death cob (24)]
  2319 | D        | Killed a death cob
  2327 | D        | Killed a tyrant leech
  2335 | D        | Reached ****** piety under Trog
  2341 | D        | Noticed an elephant
  2346 | D        | Killed an elephant
  2346 | D        | Noticed a rust devil
  2354 | D        | Killed a rust devil
  2373 | D        | Noticed a jumping spider
  2395 | D        | Noticed a deep elf mage
  2395 | D        | Noticed a flayed ghost
  2395 | D        | Noticed an unseen horror
  2396 | D        | Reached skill level 15 in Dodging
  2396 | D        | Reached XP level 10. HP: 62/62 MP: 11/11
  2814 | D        | Killed an unseen horror
  2816 | D        | Killed a deep elf mage
  2827 | D        | Killed a flayed ghost
  2988 | D        | Noticed a gargoyle
  2988 | D        | Noticed Erica
  2990 | D        | Noticed a smoke demon
  2992 | D        | Paralysed by a floating eye for 3 turns
  3012 | D        | Noticed a gargoyle
  3033 | D        | Killed a gargoyle
  3090 | D        | Found the +16 sapphire dagger {flash freeze, rF- rC++ MR+}
  3099 | D        | Got The Last Almanac of Boris
  3149 | D        | Killed a gargoyle
  3164 | D        | Killed a smoke demon
  3166 | D        | Noticed a shadow wraith
  3167 | D        | Reached skill level 21 in Stealth
  3182 | D        | Killed a shadow wraith
  3328 | D        | Killed Erica
  3432 | D        | Noticed a spriggan rider
  3598 | D        | Noticed a smoke demon
  3616 | D        | Killed a smoke demon
  3835 | D        | Noticed a rust devil
  3842 | D        | Killed a rust devil
  3852 | D        | Noticed a cane toad
  3853 | D        | Reached skill level 15 in Unarmed Combat
  3884 | D        | Killed a cane toad
  4093 | D        | Noticed a demonic crawler
  4093 | D        | Noticed an iron troll
  4093 | D        | Noticed a phantasmal warrior
  4094 | D        | Reached XP level 11. HP: 68/68 MP: 12/12
  4099 | D        | Killed an iron troll
  4102 | D        | Killed a phantasmal warrior
  4223 | D        | Noticed a deep troll
  4241 | D        | Noticed a sun demon
  4249 | D        | Killed a sun demon
  4255 | D        | Noticed an angel
  4261 | D        | Noticed a merfolk javelineer
  4269 | D        | Slain by an angel
  4270 | D        | Reached XP level 10. HP: -2/96 MP: 11/11
  4289 | D        | Noticed an iron dragon
  4290 | D        | Reached skill level 22 in Stealth
  4295 | D        | Killed an angel
  4296 | D        | Killed a merfolk javelineer
  4303 | D        | Killed an iron dragon
  4304 | D        | Noticed a sea snake
  4309 | D        | Noticed a merfolk avatar
  4311 | D        | Killed a sea snake
  4316 | D        | Killed a merfolk avatar
  4326 | D        | Noticed a nagaraja
  4328 | D        | Noticed an orc knight
  4329 | D        | Reached XP level 11. HP: 70/70 MP: 12/12
  4334 | D        | Killed a deep troll
  4339 | D        | Killed a nagaraja
  4341 | D        | Identified the +10 short sword "Paneit" {drain, rF+ Str+4}
  4341 | D        | Noticed a wizard
  4342 | D        | Killed an orc knight
  4343 | D        | Noticed a deep elf mage
  4345 | D        | Noticed a spriggan berserker
  4348 | D        | Killed a wizard
  4348 | D        | HP: 3/70 [smoke demon/divine providence (11)]
  4352 | D        | Killed a spriggan berserker
  4352 | D        | Killed a deep elf mage
  4356 | D        | Noticed Harold
  4364 | D        | Killed Harold
  4491 | D        | Noticed a deep elf annihilator
  4491 | D        | Noticed a harpy
  4493 | D        | Noticed a harpy
  4493 | D        | Noticed a spriggan rider
  4494 | D        | Reached skill level 23 in Stealth
  4498 | D        | Killed a harpy
  4499 | D        | Killed a harpy
  4499 | D        | Killed a spriggan rider
  4501 | D        | Killed a deep elf annihilator
  4806 | D        | Noticed an orc knight
  4833 | D        | Noticed an orc knight
  4841 | D        | Killed an orc knight
  4846 | D        | Noticed an orc knight
  4854 | D        | Killed an orc knight
  4856 | D        | Noticed an orc knight
  4856 | D        | Noticed an orc knight
  4856 | D        | Noticed a spriggan air mage
  4857 | D        | Reached skill level 15 in Fighting
  4868 | D        | Noticed a yaktaur captain
  4870 | D        | Killed a spriggan air mage
  4872 | D        | Noticed an orc knight
  4874 | D        | Noticed an orc knight
  4875 | D        | Killed a yaktaur captain
  4877 | D        | Noticed a naga warrior
  4879 | D        | Killed an orc knight
  4880 | D        | Noticed Azrael
  4880 | D        | Killed an orc knight
  4881 | D        | Gained mutation: Your thick and shaggy fur keeps you warm.
                  | (AC +3, rC+) [Felid growth]
  4881 | D        | Reached XP level 12. HP: 26/77 MP: 13/13
  4884 | D        | Killed Azrael
  4887 | D        | Noticed an orc warlord
  4888 | D        | Killed a naga warrior
  4889 | D        | Noticed a naga warrior
  4890 | D        | Slain by an orc knight

Skill      XL: |  1  2  3  4  5  6  7  8  9 10 11 12 |
---------------+-------------------------------------+-----
Stealth        | 10 15 16 17 19 22 23 | 23.9
Fighting       | 4 6 8 10 12 14 15 | 15.5
Dodging        | 5 8 10 13 15 17 19 | 19.3
Unarmed Combat | 5 7 9 12 14 16 17 18 | 18.0

Action                   |  1- 3 |  4- 6 |  7- 9 | 10-12 || total
-------------------------+-------+-------+-------+-------++-------
Melee: Unarmed           |     4 |    76 |    46 |   128 ||   254
       Bite              |     1 |     5 |     5 |    13 ||    24
       Punch             |       |     2 |     2 |     8 ||    12
Invok: Trog's Hand       |       |     4 |     5 |    13 ||    22
       Berserk           |       |     2 |     3 |     4 ||     9
       Brothers in Arms  |       |     1 |     6 |    26 ||    33
  Use: Potion            |       |     3 |     1 |    12 ||    16
       Scroll            |       |       |       |     2 ||     2
 Stab: Sleeping          |     1 |       |     6 |    12 ||    19
       Distracted        |       |     1 |     1 |       ||     2
  Eat: Chunk             |       |     9 |     2 |    19 ||    30
       Ration            |       |       |       |     1 ||     1
Armor: Skin              |       |     3 |     1 |     3 ||     7
Dodge: Dodged            |     4 |    80 |    41 |   148 ||   273
